 Dungeon Crawl Stone Soup version 0.32-a0-379-g363f0df (webtiles) character file.

Game seed: 5712569561887448441

910 Nithhogg the Trooper (level 7, -2/62 HPs)
             Began as a Mountain Dwarf Fighter on Feb 19, 2024.
             Was a Follower of Qazlal.
             Slain by Pikel
             ... wielding a +2 whip of freezing
              (5 damage)
             ... on level 5 of the Dungeon.
             The game lasted 00:07:59 (4356 turns).

Nithhogg the Trooper (Mountain Dwarf Fighter)       Turns: 4356, Time: 00:07:59

Health: -2/62      AC:  7    Str: 20    XL:     7   Next: 81%
Magic:  11/11      EV: 14    Int:  9    God:    Qazlal [*.....]
Gold:   320        SH:  1    Dex:  9    Spells: 6/6 levels left

rFire   . . .        a - +1 war axe (freeze)
rCold   . . .        (no shield)
rNeg    . . .        b - +0 scale mail
rPois   .            (no helmet)
rElec   .            (no cloak)
rCorr   .            (no gloves)
SInv    .            (no boots)
Will    .....        (no amulet) Stlth
                     l - +5 ring of evasion
HPRegen 0.30/turn    (no ring)
MPRegen 0.12/turn

%: no passive effects
@: about to teleport
A: runic magic, artefact enchanting
a: Renounce Religion


You were on level 5 of the Dungeon.
You worshipped Qazlal.
Qazlal was aware of your devotion.
You visited 2 branches of the dungeon, and saw 6 of its levels.

You collected 320 gold pieces.

Inventory:

Hand Weapons
 a - a +1 war axe of freezing (weapon)
 m - a +0 mace of protection
Missiles
 j - 12 poisoned darts (quivered)
Armour
 b - a +0 scale mail (worn)
 c - a +0 buckler
Jewellery
 l - a +5 ring of evasion (left hand)
 p - a ring of protection from cold
Talismans
 d - a storm talisman
Wands
 o - a wand of polymorph (8)
Scrolls
 e - a scroll of enchant weapon
 h - 2 scrolls of fog
 i - 2 scrolls of teleportation
Potions
 f - a potion of magic
 g - 2 potions of enlightenment
 k - a potion of mutation {unknown}
 r - a potion of ambrosia {unknown}


   Skills:
 + Level 5.9 Fighting
 + Level 5.8 Axes
 + Level 5.8 Armour
 - Level 3.2 Shields
 + Level 5.5 Invocations


You had 6 spell levels left.
You didn't know any spells.
Your spell library contained the following spells:

 Spells                   Type           Power      Damage    Failure   Level
 Apportation              Tloc           0%         N/A       45%         1
 Necrotise                Necr           0%         1d4       45%         1
 Slow                     Hex            0%         N/A       45%         1
 Sting                    Conj/Alch      0%         1d3       45%         1
 Summon Small Mammal      Summ           0%         N/A       45%         1
 Confusing Touch          Hex            0%         N/A       83%         3
 Sigil of Binding         Hex            0%         N/A       83%         3
 Tukima's Dance           Hex            0%         N/A       83%         3
 Vampiric Draining        Necr           0%         2d6       83%         3
 Animate Dead             Necr           0%         N/A       99%         4
 Brom's Barrelling Bould  Conj/Erth      0%         2d3       99%         4
 Passage of Golubria      Tloc           0%         N/A       99%         4
 Borgnjor's Vile Clutch   Necr/Erth      0%         N/A       100%        5
 Fireball                 Conj/Fire      0%         3d3       100%        5
 Iskenderun's Battlesphe  Conj           0%         2d6       100%        5
 Yara's Violent Unravell  Hex/Alch       0%         3d3       100%        5
 Conjure Ball Lightning   Conj/Air       0%         3x3d6     100%        6
 Death Channel            Necr           0%         N/A       100%        6
 Orb of Destruction       Conj           0%         9d5       100%        7


Dungeon Overview and Level Annotations

Branches:
Dungeon (5/15)             Temple (1/1) D:4

Altars:
Ashenzari
Cheibriados
Dithmenos
Fedhas
Gozag
Hepliaklqana
Kikubaaqudgha
Makhleb
Nemelex Xobeh
Okawaru
Qazlal
Ru
Sif Muna
Trog
Uskayaw
Vehumet
Wu Jian
Xom
Yredelemnul
Zin
The Shining One

Annotations:
D:3 1 runed translucent door, exclusion: oklob plant, Crazy Yiuf
D:5 Pikel


Innate Abilities, Weirdness & Mutations

Your spellcasting is much less encumbered by armour.
You can use scrolls of enchantment on lesser artefacts.


Message History

You block the lemure's attack.
You slash the lemure! You freeze the lemure.
The lemure is severely wounded.
The lemure hits you!
You closely miss the lemure.
The lemure is severely wounded.
You closely miss the orc. The lemure completely misses you.
The orc hits you but does no damage. The orc hits you with a +0 flail.
You hit the orc but do no damage. You hit the lemure. You freeze the lemure.
You slash the orc! You freeze the orc.
You kill the orc!
Qazlal accepts your kill. The lemure closely misses you.
The orc hits you but does no damage. The lemure hits you.
You closely miss the orc. You hit the lemure. You freeze the lemure.
You kill the lemure!
That felt strangely unrewarding.
You closely miss the lemure. The lemure hits you.
The orc hits you with a +0 dagger.
Okay, then.
As you read the scroll of teleportation, it crumbles to dust.
You feel strangely unstable. The lemure hits you.
The orc hits you but does no damage.
The orc hits you from afar with a +0 trident.
The lemure barely misses you.
You closely miss the lemure. You miss the lemure. You slash the orc!
You freeze the orc.
You kill the orc!
Qazlal accepts your kill. The lemure barely misses you.
The orc barely misses you. You block the lemure's attack. The lemure hits you!
* * * LOW HITPOINT WARNING * * *
The lemure attacks as it pursues you! The lemure barely misses you.
The lemure hits you!
* * * LOW HITPOINT WARNING * * *
You see here a +0 dagger.
Pikel hits you with a +2 whip of freezing!
* * * LOW HITPOINT WARNING * * *
Pikel freezes you.
You die...
Pikel says, "Another soul for the market."

.............# ##.##
###...#.###..#####.#.## ........#
#..#....###.. ....##..#.#
#..#.###.#.## ###
..#.##..#.###..#.####.### #
#..............##......##.#.. #
#.##..#.###.#...o.o..5...#... #
#.##........K5###)##.#.##.#..
#####.###.......@)5o).##.#.......
......##........########.o..#5#..
####..##..............##..#o.....
# #...##........#####.###...#K#..
#.............# ##..oo...
###...##.......## ..[$..~..
......##.......# #....~.~..
..).#.##.......# .......~..
...##.#####.#### .....~..#


You could see Pikel, 2 lemures and an orc.

Vanquished Creatures
  Sigmund (D:4)
  2 lemures (D:5)
  2 scorpions
  An orc priest (D:3)
  A jelly (D:5)
  A hound (D:4)
  A sleepcap (D:5)
  Terence (D:3)
  4 iguanas
  Natasha (thrice) (D:3)
  3 orc wizards
  2 adders
  2 ufetubi (D:5)
  A dart slug (D:2)
  20 orcs
  7 endoplasms
  6 giant cockroaches
  7 goblins
  6 hobgoblins
  5 jackals
  4 quokkas
  14 ball pythons
  5 bats
  3 frilled lizards
  10 kobolds
  5 rats
117 creatures vanquished.

Notes
Turn   | Place    | Note
-------+----------+-------------------------------------------
     0 | D:1      | Nithhogg the Mountain Dwarf Fighter began the quest for the
                  | Orb.
     0 | D:1      | Reached XP level 1. HP: 19/19 MP: 1/1
    41 | D:1      | Reached skill level 1 in Invocations
    41 | D:1      | Reached XP level 2. HP: 19/26 MP: 2/2
   254 | D:1      | Reached XP level 3. HP: 31/31 MP: 4/4
   799 | D:2      | Reached XP level 4. HP: 40/40 MP: 5/5
  1571 | D:3      | Noticed Terence
  1579 | D:3      | Killed Terence
  1848 | D:3      | Found a runed translucent door.
  1849 | D:3      | Noticed Crazy Yiuf
  1920 | D:3      | Reached XP level 5. HP: 44/46 MP: 7/7
  2260 | D:3      | Noticed Natasha
  2269 | D:3      | Killed Natasha
  2338 | D:3      | Noticed Natasha
  2347 | D:3      | Killed Natasha
  2365 | D:3      | Noticed Natasha
  2366 | D:3      | Found a blossoming altar of Fedhas.
  2384 | D:3      | Killed Natasha
  2385 | D:3      | Reached XP level 6. HP: 51/53 MP: 8/8
  2407 | D:3      | Noticed an oklob plant
  3028 | D:4      | Found a staircase to the Ecumenical Temple.
  3029 | D:4      | Noticed Sigmund
  3044 | D:4      | Killed Sigmund
  3045 | D:4      | Reached skill level 5 in Fighting
  3045 | D:4      | Reached skill level 5 in Armour
  3051 | Temple   | Entered the Ecumenical Temple
  3104 | Temple   | Became a worshipper of Qazlal Stormbringer
  3136 | D:4      | Reached skill level 5 in Axes
  3183 | D:4      | Reached XP level 7. HP: 55/61 MP: 10/10
  3812 | D:5      | Entered Level 5 of the Dungeon
  3905 | D:5      | Reached skill level 5 in Invocations
  4000 | D:5      | Reached * piety under Qazlal
  4321 | D:5      | Noticed Pikel
  4356 | D:5      | HP: 3/62 [Pikel/+2 whip of freezing (9)]
  4356 | D:5      | Slain by Pikel

Illustrated notes

Levels and vault maps discovered:
D:1:      lemuel_arrival_behind_the_door_small, layout_rooms
D:2:      layout_basic, serial_forest, infiniplex_forest_clump_medium,
          infiniplex_forest_corner_1, infiniplex_forest_straight_1,
          infiniplex_forest_clump_long, infiniplex_forest_corner_1,
          infiniplex_forest_straight_4, infiniplex_forest_lined_room_2,
          grunt_decor_cap, interstate_on_off
D:3:      layout_loops_corners, tgw_fedhas, minivault_25, uniq_terence,
          uniq_crazy_yiuf_cottage, uniq_natasha
D:4:      layout_rooms, minmay_temple_entry_overgrown, uniq_sigmund
D:5:      layout_loops_ring, chequers_serial_rivers_micro_c, minivault_24,
          grunt_decor_mini_mirrors, uniq_grinder, uniq_pikel
Temple:   mainiacjoe_temple_cubbyholes

Skill      XL: |  1  2  3  4  5  6  7 |
---------------+----------------------+-----
Invocations    | 1 2 3 4 5 |  5.5
Axes           | 3 4 5 |  5.8
Fighting       | 4 5 |  5.9
Armour         | 4 5 |  5.8
Shields        | |  3.2

Action                     |  1- 3 |  4- 6 |  7- 9 || total
---------------------------+-------+-------+-------++-------
  Melee: War axe           |   102 |   154 |   106 ||   362
    Use: Scroll            |       |     6 |     4 ||    10
         Potion            |       |     1 |       ||     1
 Armour: Scale mail        |   104 |    73 |    87 ||   264
  Dodge: Dodged            |    65 |   115 |   105 ||   285
  Block: Other             |       |       |     4 ||     4

Table legend: (Time is in decaauts)
 A = Elapsed time spent in this place.
 B = Non-inter-level travel time spent in this place.
 C = Inter-level travel time spent in this place.
 D = Time resting spent in this place.
 E = Time spent auto-exploring this place.
 F = Levels seen in this place.
 G = Mean time per level.
                   A        B        C        D        E       F      G
               +--------+--------+--------+--------+--------+-----+--------+
         Total |   4468 |   4264 |    204 |      0 |   3399 |   6 |  744.7 |
       Dungeon |   4391 |   4235 |    156 |      0 |   3372 |   5 |  878.2 |
        Temple |     77 |     29 |     48 |      0 |     27 |   1 |   77.0 |
               +--------+--------+--------+--------+--------+-----+--------+

Top non-repeatable levels by time:
     D:3: 1496 daAuts
     D:2: 1086 daAuts
     D:4: 723 daAuts
     D:5: 556 daAuts
     D:1: 528 daAuts
  Temple: 77 daAuts
